[Event "December 5 Late 2023"]
[Site "https://www.chess.com"]
[Date "2023.12.05"]
[Round "9"]
[White "Makaraci, Tunahan"]
[Black "Chaika, Vitalii"]
[Result "0-1"]
[Board "65"]
[TimeControl "180+1"]
[WhiteFideId "6356559"]
[BlackFideId "14111802"]
[WhiteElo "2525"]
[BlackElo "2416"]
[WhiteTeam "TUR"]
[BlackTeam "UKR"]
[WhiteClock "0:00:00"]
[BlackClock "0:00:14"]

1. e4 d6 2. d4 Nf6 3. Nc3 e5 4. Nge2 Be7 5. h3 h5 6. Bg5 Nbd7 7. Ng3 g6 8. dxe5 dxe5 9. h4 c6 10. a4 a5 11. Qf3 Ng4 12. Bxe7 Qxe7 13. Qd3 Nc5 14. Qd2 Be6 15. f3 Rd8 16. Qc1 Nf6 17. Qe3 O-O 18. Be2 Nfd7 19. Kf2 Kg7 20. Rad1 Nb6 21. b3 Na8 22. Nb1 Nc7 23. Nd2 N7a6 24. Bxa6 Nxa6 25. Nc4 Rxd1 26. Rxd1 Bxc4 27. bxc4 Qxh4 28. Rd7 Qf6 29. Rxb7 Qd6 30. Nf5+ gxf5 31. Qg5+ Qg6 32. Qe7 fxe4 33. Qxe5+ Kh7 34. fxe4 Nb4 35. Qf5 Nxc2 36. Qxg6+ Kxg6 0-1

[Event "December 5 Late 2023"]
[Site "https://www.chess.com"]
[Date "2023.12.05"]
[Round "9"]
[White "Tikhonov, Viacheslav"]
[Black "Blanco Diez, David"]
[Result "1-0"]
[Board "66"]
[TimeControl "180+1"]
[WhiteFideId "44196407"]
[BlackFideId "32032927"]
[WhiteElo "2519"]
[BlackElo "2415"]
[WhiteTeam "RUS"]
[BlackTeam "ESP"]
[WhiteClock "0:00:07"]
[BlackClock "0:00:00"]

1. e4 c5 2. Nf3 e6 3. b3 b6 4. Bb2 Bb7 5. Qe2 Nf6 6. e5 Nd5 7. g3 Nc6 8. Bg2 Be7 9. O-O O-O 10. c4 Nc7 11. d4 Nxd4 12. Nxd4 Bxg2 13. Kxg2 cxd4 14. Bxd4 Qc8 15. Nd2 b5 16. Rac1 Qb7+ 17. Kg1 a6 18. Ne4 bxc4 19. Rxc4 Nd5 20. Rfc1 Rfc8 21. h4 Nb4 22. Nd6 Bxd6 23. exd6 f6 24. Bxf6 Rxc4 25. Rxc4 Nd5 26. Bxg7 Kxg7 27. Qg4+ Kh8 28. Qd4+ Kg8 29. Qe5 Kf7 30. Rg4 Rg8 31. Qh5+ Kf8 32. Qh6+ Kf7 33. Qxh7+ Kf6 34. Qxg8 Ke5 35. Qf8 Qb5 36. Rg5+ Kd4 37. Qf3 Kc5 38. Qe4 Kxd6 39. Qe5+ Kc6 40. h5 Qd3 41. h6 Qd1+ 42. Kg2 Qb1 43. Rh5 1-0

[Event "December 5 Late 2023"]
[Site "https://www.chess.com"]
[Date "2023.12.05"]
[Round "9"]
[White "Rogov, Matfey"]
[Black "Haszon, David"]
[Result "1-0"]
[Board "67"]
[TimeControl "180+1"]
[WhiteFideId "44191308"]
[BlackFideId "733610"]
[WhiteElo "2511"]
[BlackElo "2412"]
[WhiteTeam "RUS"]
[BlackTeam "HUN"]
[WhiteClock "0:00:34"]
[BlackClock "0:00:48"]

1. e4 c5 2. Nf3 d6 3. d4 cxd4 4. Nxd4 Nf6 5. Nc3 a6 6. a3 e6 7. g4 Be7 8. Be3 Qc7 9. g5 Nfd7 10. f4 b5 11. Qf3 Bb7 12. O-O-O Nc6 13. Bh3 b4 14. axb4 Nxb4 15. Bxe6 fxe6 16. Nxe6 Qa5 17. Nxg7+ Kf7 18. Bd4 Nf8 19. f5 Qa1+ 20. Kd2 Bxg5+ 21. Ke2 Qxb2 22. Qh5+ Ng6 23. Qxg5 Ne5 24. Bxe5 dxe5 25. Rd7+ Kf8 26. Ne6+ 1-0

[Event "December 5 Late 2023"]
[Site "https://www.chess.com"]
[Date "2023.12.05"]
[Round "9"]
[White "Hoffmann, Asa"]
[Black "Lin, Bryan Enming"]
[Result "0-1"]
[Board "68"]
[TimeControl "180+1"]
[WhiteFideId "2001470"]
[BlackFideId "30987121"]
[WhiteElo "2410"]
[BlackElo "2510"]
[WhiteTeam "USA"]
[BlackTeam "USA"]
[WhiteClock "0:00:00"]
[BlackClock "0:00:15"]

1. d4 Nf6 2. Bg5 e6 3. Nd2 h6 4. Bh4 c5 5. e3 Nc6 6. c3 Be7 7. Bd3 O-O 8. Ngf3 b6 9. O-O Bb7 10. Qe2 a6 11. a4 Re8 12. h3 Rc8 13. Bg3 d5 14. Bxa6 Bxa6 15. Qxa6 Na5 16. Qe2 Bd6 17. Ne5 Qc7 18. Rfc1 Nd7 19. f4 Nf6 20. Bh4 Nd7 21. Qb5 Nb8 22. b4 Nb7 23. bxc5 bxc5 24. Rab1 Na5 25. Qb6 cxd4 26. exd4 f6 27. Qxc7 Rxc7 28. Nd3 Rec8 29. Rb5 Nc4 30. Nxc4 Rxc4 31. Be1 Rxa4 32. Rb6 Nc6 33. Rcb1 Bf8 34. Rb7 Ra3 35. Kf2 Nxd4 36. Rb8 Ra2+ 37. Kf1 Rxb8 38. Rxb8 Nf5 39. Nc5 Kf7 40. Nxe6 Kxe6 41. Rxf8 Ne3+ 42. Kg1 Rxg2+ 43. Kh1 Ke7 44. Rc8 Re2 45. Bg3 Nf5 46. Bh2 Nh4 47. Rc7+ Kf8 48. Rc8+ Kf7 49. Rc7+ Kg6 50. f5+ Kh7 51. Bd6 Nxf5 52. Bf8 Kg8 53. Bb4 h5 54. Kg1 g5 55. Rc6 Kf7 56. Rc7+ Kg6 57. Rc6 g4 58. hxg4 hxg4 59. Kf1 Ng3+ 60. Kg1 Ne4 61. Be7 g3 62. c4 d4 63. c5 d3 64. Rd6 Nxd6 65. cxd6 d2 0-1

[Event "December 5 Late 2023"]
[Site "https://www.chess.com"]
[Date "2023.12.05"]
[Round "9"]
[White "Calin, Alexandru"]
[Black "YurasovMat-2012"]
[Result "0-1"]
[Board "69"]
[TimeControl "180+1"]
[WhiteFideId "1222961"]
[WhiteElo "2509"]
[BlackElo "2399"]
[WhiteTeam "ROU"]
[WhiteClock "0:00:05"]
[BlackClock "0:01:08"]

1. d4 d5 2. Nc3 c5 3. e4 e6 4. Nf3 Nc6 5. exd5 exd5 6. dxc5 Nf6 7. Be3 Be7 8. Bb5 O-O 9. Bxc6 bxc6 10. h3 Rb8 11. Na4 Ne4 12. O-O Ba6 13. Re1 Bb5 14. Nc3 Nxc5 15. Nxb5 Rxb5 16. Bd4 Ne6 17. Bc3 Bf6 18. Ne5 Qd6 19. Nc4 Qf4 20. Bxf6 Qxf6 21. Ne5 Rc8 22. b3 Rb4 23. c3 Re4 24. Rxe4 dxe4 25. Nc4 Qxc3 26. Qe2 Qxa1+ 0-1

[Event "December 5 Late 2023"]
[Site "https://www.chess.com"]
[Date "2023.12.05"]
[Round "9"]
[White "Kostiukov, Alexandr"]
[Black "Ferreira, Vitor Hugo Vieira"]
[Result "0-1"]
[Board "70"]
[TimeControl "180+1"]
[WhiteFideId "14108100"]
[BlackFideId "2119765"]
[WhiteElo "2375"]
[BlackElo "2508"]
[WhiteTeam "UKR"]
[BlackTeam "BRA"]
[WhiteClock "0:02:09"]
[BlackClock "0:02:09"]

1. g3 d5 2. Bg2 Nf6 3. d3 Bf5 4. Nc3 e6 5. e4 Bg6 6. Qe2 Be7 7. Nh3 c5 8. Nf4 d4 9. Nb1 e5 10. Nxg6 hxg6 11. O-O Nc6 12. a4 O-O 13. Na3 Ne8 14. f4 exf4 15. gxf4 Rc8 16. Bd2 Nd6 17. b3 a6 18. Nc4 b5 19. axb5 axb5 20. Nxd6 Bxd6 21. e5 Bb8 22. Ra4 bxa4 0-1

[Event "December 5 Late 2023"]
[Site "https://www.chess.com"]
[Date "2023.12.05"]
[Round "9"]
[White "Kovalevsky, Stanislav"]
[Black "Mazzilli, Piero"]
[Result "1-0"]
[Board "71"]
[TimeControl "180+1"]
[WhiteFideId "13508598"]
[BlackFideId "807087"]
[WhiteElo "2503"]
[BlackElo "2342"]
[WhiteTeam "FID"]
[BlackTeam "ITA"]
[WhiteClock "0:00:09"]
[BlackClock "0:00:06"]

1. e4 c5 2. c3 d5 3. exd5 Qxd5 4. Nf3 Nf6 5. d4 Nc6 6. Be3 cxd4 7. Nxd4 e5 8. Nxc6 Qxd1+ 9. Kxd1 bxc6 10. Nd2 Nd5 11. Nc4 Nxe3+ 12. Nxe3 Rb8 13. Kc2 Bc5 14. Bd3 Bxe3 15. fxe3 f5 16. Rhf1 Rf8 17. Rad1 Be6 18. b3 g5 19. g3 Ke7 20. c4 c5 21. Kc3 Rb6 22. Rd2 Rd6 23. Rdf2 e4 24. Bxe4 fxe4 25. Rxf8 Rd3+ 26. Kc2 Rxe3 27. R8f2 Bg4 28. Rd2 Be2 29. Rf5 Bd3+ 30. Kd1 g4 31. Rdf2 Rf3 32. R2xf3 gxf3 33. Rf4 Ke6 34. Kd2 Ke5 35. Ke3 Bb1 36. a3 Bc2 37. b4 cxb4 38. axb4 Bd3 39. c5 Kd5 40. Rf7 a6 41. Rxh7 f2 42. Kxf2 e3+ 43. Kxe3 Bxh7 44. g4 Bg8 45. h4 Kc4 46. c6 Be6 47. g5 Kxb4 48. g6 a5 49. c7 a4 50. g7 a3 51. c8=Q Bxc8 52. g8=Q Ba6 53. Qb8+ Bb5 54. Kd4 a2 55. Qd6+ Kb3 56. Qd5+ Kb4 57. Qc5+ Ka4 58. Qc2+ Ka3 59. Qc1+ Kb3 60. Qc3+ Ka4 61. Qa1 Ka3 62. Kc3 Be8 63. Qb2+ Ka4 64. Qb4# 1-0

[Event "December 5 Late 2023"]
[Site "https://www.chess.com"]
[Date "2023.12.05"]
[Round "9"]
[White "Rian, Kapriaga"]
[Black "Mazurkiewicz, Michal"]
[Result "1-0"]
[Board "72"]
[TimeControl "180+1"]
[WhiteFideId "7103263"]
[BlackFideId "1124943"]
[WhiteElo "2342"]
[BlackElo "2501"]
[WhiteTeam "INA"]
[BlackTeam "POL"]
[WhiteClock "0:01:01"]
[BlackClock "0:00:00"]

1. d4 Nf6 2. Nf3 g6 3. c4 Bg7 4. Nc3 O-O 5. Bg5 d6 6. e3 c5 7. d5 h6 8. Bh4 Bf5 9. Bd3 Bxd3 10. Qxd3 Nbd7 11. O-O g5 12. Bg3 Nh5 13. Nd2 f5 14. Qe2 Qe8 15. f3 Nxg3 16. hxg3 Bxc3 17. bxc3 Qg6 18. Rfb1 b6 19. a4 Qf6 20. Qd3 Ne5 21. Qc2 f4 22. exf4 gxf4 23. g4 h5 24. gxh5 Kg7 25. a5 bxa5 26. Rxa5 Rh8 27. Rb7 Rxh5 28. Raxa7 Rxa7 29. Rxa7 Qh4 30. Qe4 Qh2+ 31. Kf1 Rg5 32. Rxe7+ Kf8 33. Qh7 Qxg2+ 34. Ke1 Qg1+ 35. Nf1 1-0

[Event "December 5 Late 2023"]
[Site "https://www.chess.com"]
[Date "2023.12.05"]
[Round "9"]
[White "Rees, Ioan"]
[Black "Teumer, Joerg, Dr."]
[Result "1-0"]
[Board "73"]
[TimeControl "180+1"]
[WhiteFideId "1801236"]
[BlackFideId "4643526"]
[WhiteElo "2498"]
[BlackElo "2151"]
[WhiteTeam "WLS"]
[BlackTeam "GER"]
[WhiteClock "0:00:21"]
[BlackClock "0:00:00"]

1. e4 c6 2. Nc3 d5 3. Nf3 dxe4 4. Nxe4 Nf6 5. Qe2 Nxe4 6. Qxe4 Nd7 7. Bc4 Nf6 8. Ne5 e6 9. Qe2 Bd6 10. d4 O-O 11. Bg5 Be7 12. O-O-O Nd5 13. Bxe7 Qxe7 14. Kb1 Qd6 15. h4 c5 16. dxc5 Qxc5 17. Bxd5 exd5 18. Qd2 Be6 19. h5 Rfe8 20. h6 g6 21. Nd3 Qd4 22. Nf4 Qxd2 23. Rxd2 Rad8 24. Rhd1 Kf8 25. b3 Rd6 26. Kc1 Red8 27. Rd4 Ke7 28. f3 b6 29. g4 f6 30. Re1 Kf7 31. c3 R8d7 32. Kd2 Rd8 33. a4 R8d7 34. Ra1 Rd8 35. a5 b5 36. Nd3 Bc8 37. Nc5 a6 38. Re1 Re8 39. Rxe8 Kxe8 40. Rd3 Kf7 41. Ke3 g5 42. Kd4 Kg6 43. Re3 Kf7 44. Re1 Kf8 45. Nd3 Kf7 46. Nb4 Kg6 47. Nxd5 Bb7 48. c4 bxc4 49. bxc4 Kxh6 50. Re7 Bxd5 51. cxd5 Kg6 52. Kc5 Rd8 53. d6 f5 54. Re6+ Kf7 55. gxf5 h5 56. Rh6 h4 57. Kc6 Rc8+ 58. Kb7 Rd8 59. Kc7 Ra8 60. d7 Ra7+ 61. Kc6 1-0

[Event "December 5 Late 2023"]
[Site "https://www.chess.com"]
[Date "2023.12.05"]
[Round "9"]
[White "Silvestre, Christian"]
[Black "Gutierrez Olivares, Daniel"]
[Result "0-1"]
[Board "74"]
[TimeControl "180+1"]
[WhiteFideId "30956269"]
[BlackFideId "2264005"]
[WhiteElo "2342"]
[BlackElo "2498"]
[WhiteTeam "USA"]
[BlackTeam "ESP"]
[WhiteClock "0:01:24"]
[BlackClock "0:01:00"]

1. e4 e6 2. Qe2 d5 3. exd5 Qxd5 4. Nc3 Qd8 5. g3 Be7 6. Bg2 Nf6 7. b3 Nbd7 8. Bb2 O-O 9. O-O-O Rb8 10. d4 b5 11. Nxb5 Ba6 12. c4 Bxb5 13. cxb5 Nb6 14. Kb1 Nbd5 15. Nf3 Qe8 16. Bf1 Ba3 17. Ba1 c6 18. bxc6 Qxc6 19. Qa6 Nc3+ 20. Bxc3 Qxc3 21. Qxa3 Qxf3 22. Bc4 Ne4 23. Rc1 Nd2+ 24. Ka1 Nxc4 25. Qxa7 Ra8 26. Qc5 Rxa2+ 27. Kxa2 Ra8+ 28. Kb1 Qxb3# 0-1

[Event "December 5 Late 2023"]
[Site "https://www.chess.com"]
[Date "2023.12.05"]
[Round "9"]
[White "Paragua, Megan Althea"]
[Black "Minko, Dmitry"]
[Result "0-1"]
[Board "75"]
[TimeControl "180+1"]
[WhiteFideId "30973007"]
[BlackFideId "24188468"]
[WhiteElo "2308"]
[BlackElo "2490"]
[WhiteTeam "USA"]
[BlackTeam "FID"]
[WhiteClock "0:00:00"]
[BlackClock "0:00:03"]

1. e4 e5 2. Nf3 Nc6 3. d4 exd4 4. Nxd4 Bc5 5. Nb3 Bb4+ 6. c3 Be7 7. g3 Nf6 8. Bg2 O-O 9. f4 d6 10. h3 Ne8 11. O-O f5 12. exf5 Bxf5 13. N1d2 Nf6 14. g4 Bg6 15. Nc4 d5 16. Ne3 Bf7 17. g5 Ne4 18. Bxe4 dxe4 19. Qc2 Qd3 20. Qxd3 exd3 21. Bd2 Be6 22. f5 Bxb3 23. axb3 Bxg5 24. Rad1 Rad8 25. Kg2 Rfe8 26. Nc4 Bxd2 27. Rxd2 b5 28. Na3 Na5 29. Rf3 Re2+ 30. Rxe2 dxe2 31. Re3 Rd2 32. Kf2 Rxb2 33. Nxb5 Rxb3 34. Nxc7 Nc4 35. Rxe2 Rxc3 36. Nd5 Rd3 37. Ne7+ Kf8 38. Nc6 a5 39. Kg2 a4 40. Ra2 Rd2+ 41. Rxd2 Nxd2 42. Nb4 a3 43. Na2 Kf7 44. Kf2 Kf6 45. Ke2 Nb3 46. Kd3 Kxf5 47. Kc3 Nc5 48. Kb4 Ne4 49. Kxa3 Kf4 50. Kb3 Kg3 51. Nb4 Kxh3 52. Nc6 g5 53. Kc4 g4 54. Kd3 g3 55. Nd4 Ng5 56. Ne2 g2 0-1

[Event "December 5 Late 2023"]
[Site "https://www.chess.com"]
[Date "2023.12.05"]
[Round "9"]
[White "Ladan, Nicholas"]
[Black "Monteiro, Luis Felipe Furtado"]
[Result "0-1"]
[Board "76"]
[TimeControl "180+1"]
[WhiteFideId "30918855"]
[BlackFideId "22702806"]
[WhiteElo "2486"]
[BlackElo "2098"]
[WhiteTeam "USA"]
[BlackTeam "BRA"]
[WhiteClock "0:00:02"]
[BlackClock "0:00:05"]

1. d4 Nf6 2. Nf3 d5 3. g3 c5 4. Bg2 Nc6 5. O-O g6 6. dxc5 Bg7 7. c3 a5 8. Nbd2 O-O 9. a4 Bg4 10. h3 Bxf3 11. Bxf3 e6 12. Nb3 Qe7 13. Bg2 Nd7 14. Be3 Rfc8 15. Qd3 Nce5 16. Qb5 Rc7 17. Nxa5 Nxc5 18. b4 Ne4 19. Bxe4 dxe4 20. Bc5 Qd7 21. Bd4 Nc6 22. Bxg7 Kxg7 23. Rfd1 Qe7 24. Nxb7 Rb8 25. a5 Rbxb7 26. Qa4 Qf6 27. a6 Rb6 28. b5 Na7 29. Qa5 Nc8 30. c4 Rxc4 31. Rac1 e3 32. Rxc4 Qxf2+ 33. Kh1 Qxe2 34. Qc3+ Kh6 35. Rh4+ Kg5 36. Qe5+ f5 37. Qf4+ Kf6 38. Rf1 Rd6 39. Rxh7 e5 40. Qh4+ Ke6 41. Rh6 Qxf1+ 42. Kh2 Qf2+ 43. Kh1 Rd1# 0-1

[Event "December 5 Late 2023"]
[Site "https://www.chess.com"]
[Date "2023.12.05"]
[Round "9"]
[White "Vlassov, Nikolai"]
[Black "Buchenau, Frank"]
[Result "0-1"]
[Board "77"]
[TimeControl "180+1"]
[WhiteFideId "4103360"]
[BlackFideId "4604350"]
[WhiteElo "2628"]
[BlackElo "2419"]
[WhiteTeam "FID"]
[BlackTeam "GER"]
[WhiteClock "0:00:15"]
[BlackClock "0:01:24"]

1. e4 e6 2. d4 d5 3. e5 c5 4. c3 Qb6 5. Nf3 Bd7 6. a3 Bb5 7. c4 Bxc4 8. Bxc4 dxc4 9. d5 Qb3 10. Qxb3 cxb3 11. dxe6 fxe6 12. Nbd2 Ne7 13. Nxb3 Nd5 14. O-O Nc6 15. Ng5 Kd7 16. f4 Be7 17. Ne4 b6 18. Bd2 Rhf8 19. g3 c4 20. Nc1 b5 21. Ne2 a5 22. Rfb1 a4 23. N2c3 Nxc3 24. Bxc3 Kc7 25. Rd1 Rad8 26. Kf2 Rd5 27. Ke2 Rfd8 28. h4 h5 29. g4 hxg4 30. Rg1 Nd4+ 31. Bxd4 Rxd4 32. Ke3 Rd3+ 33. Ke2 R8d4 34. Nc3 Rd2+ 35. Ke3 R4d3+ 36. Ke4 Rxb2 37. Rxg4 Rxc3 38. Rxg7 Re2+ 39. Kd4 Rd3# 0-1

[Event "December 5 Late 2023"]
[Site "https://www.chess.com"]
[Date "2023.12.05"]
[Round "9"]
[White "Zivic, Dragan"]
[Black "Erzhanov, Arman"]
[Result "0-1"]
[Board "78"]
[TimeControl "180+1"]
[WhiteFideId "904740"]
[BlackFideId "4138821"]
[WhiteElo "2399"]
[BlackElo "2522"]
[WhiteTeam "SRB"]
[BlackTeam "KAZ"]
[WhiteClock "0:00:43"]
[BlackClock "0:00:23"]

1. c4 e5 2. Nc3 Bb4 3. Nd5 Be7 4. Nf3 d6 5. g3 Nf6 6. Nxe7 Qxe7 7. Bg2 O-O 8. O-O Nc6 9. d3 Be6 10. e4 Bg4 11. h3 Bxf3 12. Bxf3 Rfe8 13. Be3 Nd7 14. Bg2 Nf8 15. f4 Ne6 16. f5 Ned4 17. f6 gxf6 18. Qh5 Kh8 19. Rf2 Rg8 20. Kh2 Rg6 21. Raf1 Rag8 22. g4 Ne6 23. Qh4 Kg7 24. a3 a5 25. Bf3 Ncd4 26. Bd1 Rh8 27. Kh1 b6 28. Kh2 h6 29. Kh1 Ng5 30. Qg3 Nge6 31. h4 h5 32. g5 fxg5 33. Rxf7+ Qxf7 34. Rxf7+ Kxf7 35. hxg5 Kg7 36. Qh3 Kg8 37. Ba4 Nxg5 38. Qc8+ Kh7 39. Qxc7+ Rg7 40. Qxd6 Ngf3 41. Qf6 Rhg8 42. Bxd4 Rg1+ 0-1

[Event "December 5 Late 2023"]
[Site "https://www.chess.com"]
[Date "2023.12.05"]
[Round "9"]
[White "Fernandez Bustamante, Leancy B."]
[Black "Krzywda, Andrzej"]
[Result "0-1"]
[Board "79"]
[TimeControl "180+1"]
[WhiteFideId "3523870"]
[BlackFideId "1114565"]
[WhiteElo "2396"]
[BlackElo "2504"]
[WhiteTeam "CUB"]
[BlackTeam "POL"]
[WhiteClock "0:00:26"]
[BlackClock "0:00:10"]

1. e4 e5 2. Nf3 Nf6 3. Nc3 Bb4 4. Bc4 Bxc3 5. dxc3 d6 6. O-O Nbd7 7. Bg5 h6 8. Bh4 g5 9. Bg3 Nf8 10. Qd3 Ng6 11. Rad1 Qe7 12. Bb3 Rg8 13. c4 Nf4 14. Bxf4 gxf4 15. c5 Bh3 16. Ne1 f3 17. Qxf3 Bg4 18. Qd3 Bxd1 19. Qxd1 Nxe4 20. cxd6 Nxd6 21. Nf3 O-O-O 22. Re1 e4 23. Qd4 Rxg2+ 24. Kxg2 exf3+ 25. Kf1 Qg5 26. Rd1 Qg2+ 27. Ke1 Qg1+ 28. Kd2 Ne4+ 29. Ke3 Qxf2+ 30. Kxe4 Rxd4+ 31. Rxd4 Qe2+ 32. Kd5 f2 33. Bc4 Qe6+ 34. Kc5 Qb6+ 35. Kd5 Qc6+ 36. Ke5 Qxc4 37. Rxc4 f1=Q 38. Rf4 Qe2+ 39. Kf6 Qxc2 40. Kxf7 Qxb2 41. Rf6 Qxa2+ 42. Kg6 Qxh2 43. Kh7 b6 44. Rg6 Kb7 45. Rg7 a5 46. Kh8 a4 47. Rg6 a3 48. Kh7 a2 49. Rg8 a1=Q 50. Rg2 Qxg2 51. Kxh6 Qh8# 0-1

[Event "December 5 Late 2023"]
[Site "https://www.chess.com"]
[Date "2023.12.05"]
[Round "9"]
[White "Dobre, Claudiu-Cristian"]
[Black "Alvarado, Carlos"]
[Result "0-1"]
[Board "80"]
[TimeControl "180+1"]
[WhiteFideId "1211854"]
[BlackFideId "3800555"]
[WhiteElo "2495"]
[BlackElo "2392"]
[WhiteTeam "ROU"]
[BlackTeam "PER"]
[WhiteClock "0:00:05"]
[BlackClock "0:00:06"]

1. d4 d5 2. Nf3 Nf6 3. e3 Bg4 4. c4 Bxf3 5. Qxf3 e6 6. Nc3 c6 7. Bd3 Nbd7 8. O-O Be7 9. b3 O-O 10. Bb2 a5 11. Rad1 Re8 12. Rfe1 Bb4 13. a3 Bxc3 14. Bxc3 a4 15. b4 Nb6 16. c5 Nc8 17. b5 Na7 18. Rb1 cxb5 19. Bxb5 Nc6 20. Qd1 Ne4 21. Bd2 e5 22. f3 Nxd2 23. Qxd2 Qf6 24. e4 dxe4 25. d5 Red8 26. fxe4 Nd4 27. Bd3 Qg6 28. Rxb7 Nf3+ 29. Kf2 Nxd2 30. Re2 Nb3 31. c6 Nd4 32. Reb2 Rac8 33. c7 Qf6+ 34. Kg1 Re8 35. Rb8 Qe7 36. Ba6 Qxc7 37. Bxc8 Rxc8 38. R8b7 Qc1+ 39. Kf2 h5 40. d6 Rc2+ 41. Rxc2 Qxc2+ 42. Kg3 Qxe4 43. Rb8+ Kh7 44. d7 Qf4+ 45. Kh3 Qg4# 0-1

[Event "December 5 Late 2023"]
[Site "https://www.chess.com"]
[Date "2023.12.05"]
[Round "9"]
[White "Kotyk, Michael"]
[Black "Arnold, Ken"]
[Result "0-1"]
[Board "81"]
[TimeControl "180+1"]
[WhiteFideId "16214501"]
[BlackFideId "2056836"]
[WhiteElo "2492"]
[BlackElo "2428"]
[WhiteTeam "GER"]
[BlackTeam "USA"]
[WhiteClock "0:00:31"]
[BlackClock "0:01:27"]

1. Nf3 d5 2. b3 Nf6 3. Bb2 Nbd7 4. e3 e6 5. d4 Bb4+ 6. Nbd2 a5 7. a3 Bd6 8. Bd3 b6 9. Qe2 Bb7 10. Ne5 h5 11. Ndf3 Ng4 12. Bb5 Nxe5 13. Nxe5 Bxe5 14. dxe5 c6 15. Bd3 Nc5 16. O-O Nxd3 17. cxd3 c5 18. d4 Ba6 19. Qd2 Bxf1 20. Rxf1 Rc8 21. dxc5 Rxc5 22. Bd4 Rc6 23. b4 a4 24. b5 Rc4 25. Rc1 Qc7 26. Rxc4 Qxc4 27. Bxb6 Qxb5 28. Ba5 Qb1+ 29. Qe1 Qxe1+ 30. Bxe1 Kd7 31. Bb4 Rb8 32. h4 0-1

[Event "December 5 Late 2023"]
[Site "https://www.chess.com"]
[Date "2023.12.05"]
[Round "9"]
[White "Kornyukov, Alexey"]
[Black "Ventura Bolet, Maxim"]
[Result "1-0"]
[Board "82"]
[TimeControl "180+1"]
[WhiteFideId "4150457"]
[BlackFideId "22238824"]
[WhiteElo "2338"]
[BlackElo "2476"]
[WhiteTeam "RUS"]
[BlackTeam "ESP"]
[WhiteClock "0:00:10"]
[BlackClock "0:00:01"]

1. d4 Nf6 2. c4 d6 3. Nc3 Nbd7 4. e4 e5 5. d5 Nc5 6. Bd3 a5 7. Bc2 Be7 8. Nge2 O-O 9. Ng3 Ne8 10. O-O g6 11. Be3 Bg5 12. Qd2 Bxe3 13. Qxe3 Ng7 14. Qh6 f5 15. f4 Qf6 16. fxe5 Qxe5 17. exf5 Bxf5 18. Bxf5 Nxf5 19. Nxf5 Rxf5 20. Rxf5 Qxf5 21. Rf1 Qe5 22. Nb5 Na6 23. Qd2 Re8 24. Nd4 Nc5 25. h3 Qe3+ 26. Qxe3 Rxe3 27. b3 a4 28. b4 Na6 29. Ne6 h5 30. Rf8+ Kh7 31. Rf7+ Kh6 32. h4 g5 33. hxg5+ Kg6 34. Rf6+ Kh7 35. g6+ Kh6 36. g7+ Kh7 37. Rh6+ Kxh6 38. g8=Q 1-0

[Event "December 5 Late 2023"]
[Site "https://www.chess.com"]
[Date "2023.12.05"]
[Round "9"]
[White "Rama, Tejas"]
[Black "Sarkar, Justin"]
[Result "0-1"]
[Board "83"]
[TimeControl "180+1"]
[WhiteFideId "30907381"]
[BlackFideId "2010011"]
[WhiteElo "2463"]
[BlackElo "2307"]
[WhiteTeam "USA"]
[BlackTeam "USA"]
[WhiteClock "0:00:05"]
[BlackClock "0:00:05"]

1. d4 d5 2. c4 e5 3. dxe5 Ne7 4. Nf3 Nbc6 5. Bg5 dxc4 6. Qxd8+ Nxd8 7. Na3 Ne6 8. Bd2 c3 9. Bxc3 Nd5 10. Nb5 a6 11. e4 Nb4 12. Nbd4 Bc5 13. a3 Nxd4 14. Nxd4 Bxd4 15. axb4 Bb6 16. Bc4 Ke7 17. Ke2 g5 18. h4 g4 19. h5 Be6 20. b3 Rhg8 21. Rh4 Rad8 22. Rd1 Rxd1 23. Kxd1 Bxf2 24. Rh1 g3 25. h6 Rg4 26. Bd3 Bxb3+ 27. Ke2 Be6 28. Kf3 Rg6 29. Bd2 Bg4+ 30. Kf4 Be6 31. Kf3 Rg8 32. Bf4 Bg4# 0-1

[Event "December 5 Late 2023"]
[Site "https://www.chess.com"]
[Date "2023.12.05"]
[Round "9"]
[White "Argandona Riveiro, Inigo"]
[Black "Golubenko, Valentina"]
[Result "1-0"]
[Board "84"]
[TimeControl "180+1"]
[WhiteFideId "2212072"]
[BlackFideId "4501993"]
[WhiteElo "2443"]
[BlackElo "2255"]
[WhiteTeam "ESP"]
[BlackTeam "CRO"]
[WhiteClock "0:00:27"]
[BlackClock "0:00:00"]

1. Nf3 e6 2. c4 c5 3. g3 g6 4. Bg2 Bg7 5. Nc3 Nc6 6. e3 Nge7 7. d4 cxd4 8. exd4 d5 9. cxd5 exd5 10. O-O O-O 11. Re1 a6 12. Bg5 Qc7 13. Bf4 Qb6 14. Qd2 Bf5 15. Na4 Qd8 16. Nc5 b6 17. Nb7 Qd7 18. Nd6 Bg4 19. Ne5 Qxd6 20. Nxg4 Qd7 21. Ne5 Nxe5 22. Bxe5 Nf5 23. Bxg7 Kxg7 24. Re5 Rad8 25. Rxd5 Qc7 26. Rc1 Qe7 27. Rxd8 Rxd8 28. d5 Nd6 29. Qd4+ Kg8 30. Qxb6 Re8 31. h4 Qf6 32. Rc6 Rd8 33. Qxa6 Qe5 34. Qb6 Rd7 35. Rc7 Qe1+ 36. Kh2 Qe7 37. Rxd7 Qxd7 38. Qc6 Qe7 39. b4 Kg7 40. b5 g5 41. hxg5 Nf5 42. Qf6+ Qxf6 43. gxf6+ Kxf6 44. d6 Nxd6 45. b6 Ke7 46. b7 Nxb7 47. Bxb7 Kd6 48. Be4 h6 49. Kh3 Ke5 50. f3 f5 51. Bb7 1-0

[Event "December 5 Late 2023"]
[Site "https://www.chess.com"]
[Date "2023.12.05"]
[Round "9"]
[White "Gutkin, Ilya"]
[Black "Chan, Yi Ren Daniel"]
[Result "0-1"]
[Board "86"]
[TimeControl "180+1"]
[WhiteFideId "16203470"]
[BlackFideId "5801583"]
[WhiteElo "2363"]
[BlackElo "2777"]
[WhiteTeam "GER"]
[BlackTeam "SGP"]
[WhiteClock "0:00:00"]
[BlackClock "0:00:55"]

1. e4 c6 2. Nf3 d5 3. Nc3 Bg4 4. h3 Bxf3 5. Qxf3 e6 6. d3 Nd7 7. g3 Bb4 8. Bg2 d4 9. a3 Ba5 10. b4 dxc3 11. bxa5 Qxa5 12. O-O Ne7 13. Rb1 b6 14. d4 O-O 15. Rb3 c5 16. Qxc3 cxd4 17. Qxa5 bxa5 18. Rb7 Rfd8 19. e5 Nd5 20. Bxd5 exd5 21. Bf4 Nc5 22. Rc7 Ne6 23. Rb7 Rdc8 24. Rc1 g5 25. Bd2 Rc5 26. f4 gxf4 27. gxf4 Rac8 28. f5 Nd8 29. Rxa7 Rxc2 30. Rxc2 Rxc2 31. Bh6 Rc6 32. Bg5 Rc8 33. Rxa5 Nc6 34. Rxd5 Kg7 35. Kf2 h6 36. Bf6+ Kh7 37. Rd7 Kg8 38. Kf3 Ra8 39. Rc7 Na5 40. Ke4 Nb3 41. Rb7 Nc5+ 42. Kxd4 Nxb7 43. Kd5 Rxa3 44. Kc6 Na5+ 0-1

[Event "December 5 Late 2023"]
[Site "https://www.chess.com"]
[Date "2023.12.05"]
[Round "9"]
[White "Nery Junior, Jose Antonio"]
[Black "Estrada Nieto, Julian"]
[Result "1/2-1/2"]
[Board "87"]
[TimeControl "180+1"]
[WhiteFideId "2104822"]
[BlackFideId "5101018"]
[WhiteElo "2344"]
[BlackElo "2524"]
[WhiteTeam "BRA"]
[BlackTeam "ESP"]
[WhiteClock "0:00:11"]
[BlackClock "0:00:07"]

1. e4 e5 2. Nf3 Nc6 3. Bc4 Bc5 4. c3 Nf6 5. d3 d6 6. Bb3 a6 7. Nbd2 Ba7 8. h3 h6 9. Nf1 Be6 10. Ng3 Qd7 11. O-O g5 12. Be3 O-O-O 13. Bxa7 Nxa7 14. d4 g4 15. hxg4 Bxg4 16. dxe5 dxe5 17. Qxd7+ Nxd7 18. Nxe5 Nxe5 19. f4 Nd3 20. Bxf7 Rhf8 21. Bh5 Bxh5 22. Nxh5 Nxb2 23. f5 Nc6 24. Nf4 Rd2 25. Rf2 Nc4 26. Ne6 Rf6 27. Re1 N6e5 28. Rxd2 Nxd2 29. Re2 Ndc4 30. Kf2 Kd7 31. Kg3 Rxe6 32. fxe6+ Kxe6 33. Re1 Nd6 34. Rh1 Nef7 35. Kf4 b5 36. g4 c5 37. Rh5 Nb7 38. e5 c4 39. Rf5 Nc5 40. Rf6+ Ke7 41. Rc6 Nd3+ 42. Kf5 Ndxe5 43. Rxa6 b4 44. cxb4 c3 45. Ra3 Nd6+ 46. Kxe5 Nc4+ 47. Kd4 Nxa3 48. Kxc3 Kf6 49. Kb3 Nb5 50. a4 Nc7 51. b5 Ke5 52. Kc4 Kd6 53. a5 Ne6 54. a6 Kc7 55. Kd5 Ng5 56. Ke5 Nh3 57. Kf6 Nf2 58. Kf5 Kb6 59. g5 hxg5 60. Kxg5 Nd3 61. Kf5 Nc5 62. Ke5 Nd7+ 63. Ke6 Nb8 64. a7 Kxa7 65. b6+ Kb7 66. Kd6 Na6 67. Kd5 Nb8 68. Kd6 Na6 69. Kd5 Nb8 70. Kd6 1/2-1/2